 Dungeon Crawl Stone Soup version 0.31-a0-986-g5e6e4ef867 (webtiles) character file.

Game seed: 6641622914034675568

556 Jeffwins the Changeling (level 7, -5/47 (52) HPs)
             Began as a Purple Draconian Shapeshifter on Nov 25, 2023.
             Slain by Duvessa
             ... wielding a +5 short sword of draining
              (6 damage)
             ... on level 4 of the Dungeon.
             The game lasted 00:04:09 (2700 turns).

Jeffwins the Changeling (DrSh)                      Turns: 2700, Time: 00:04:09

HP:   -5/47 (52)    AC:  6    Str: 21    XL:     7   Next: 8%
MP:   7/7           EV: 12    Int: 13    God:
Gold: 180           SH:  0    Dex: 13    Spells: 6/6 levels left

rFire   . . .        a - +4 mace of Wounding {freeze, *Noise Will+ Str+5 Dex+3}
rCold   . . .        (no shield)
rNeg    . . .        (body armour unavailable)
rPois   .            (helmet currently unavailable)
rElec   .            (cloak currently unavailable)
rCorr   .            (gloves currently unavailable)
SInv    .            (boots currently unavailable)
Will    +++..        (no amulet)
Stlth   +            h - ring of willpower
HPRegen 0.27/turn    (no ring)
MPRegen 0.10/turn

%: no passive effects
@: beast-form, drained
A: beast (slay +3), breathe power, AC +6, unfitting armour, cold-blooded
a: Breathe Dispelling Energy, Begin Untransformation


You were on level 4 of the Dungeon.
You were a hulking beast.
You visited 1 branch of the dungeon, and saw 4 of its levels.

You collected 180 gold pieces.


Innate Abilities, Weirdness & Mutations

You are a hulking beast.
Your limbs bulge with bestial killing power. (Slay +3)
You can breathe bolts of dispelling energy.
Your rich purple scales are hard. (AC +6)
You cannot fit into any form of body armour.
You are cold-blooded and may be slowed by cold attacks.


   Skills:
 - Level 1.1 Fighting
 * Level 3.8 Maces & Flails
 - Level 1.7 Dodging
 - Level 4.0 Unarmed Combat
 + Level 0.0 Spellcasting
 * Level 0.0 Ice Magic
 + Level 2.5 Evocations
 * Level 5.5 Shapeshifting


You had 6 spell levels left.
You didn't know any spells.
Your spell library contained the following spells:

 Spells                   Type           Power      Damage    Failure   Level
 Shock                    Conj/Air       0%         1d3       30%         1
 Ozocubu's Armour         Ice            0%         N/A       67%         3
 Swiftness                Air            0%         N/A       67%         3
 Airstrike                Air            0%         2d(0-16)  97%         4
 Ozocubu's Refrigeration  Ice            0%         4d7       100%        7

Inventory:

Hand Weapons
 a - the +4 mace of Wounding (weapon) {freeze, *Noise Will+ Str+5 Dex+3}
   (You took it off a hobgoblin on level 2 of the Dungeon)

   Str+5:     It affects your strength (+5).
   Dex+3:     It affects your dexterity (+3).
   Will+:     It increases your willpower.
   *Noise:    It may make a loud noise when swung.
Jewellery
 h - a ring of willpower (left hand)
 X - a +6 ring of dexterity
Talismans
 b - a beast talisman
 c - a flux talisman
Wands
 n - a wand of roots (9)
Scrolls
 d - 2 scrolls of poison {unknown}
 g - a scroll of enchant armour {unknown}
 i - a scroll of amnesia {unknown}
 l - 3 scrolls of identify {unknown}
 m - a scroll of teleportation {unknown}
 o - a scroll of immolation {unknown}
 q - a scroll of acquirement {unknown}
 r - a scroll of blinking {unknown}
 s - a scroll of fog {unknown}
Potions
 e - 3 potions of mutation {unknown}
 f - a potion of berserk rage {!q}
 j - a potion of invisibility {unknown}
 k - a potion of lignification {!q}
 p - a potion of heal wounds {unknown}

Dungeon Overview and Level Annotations

Branches:
Dungeon (4/15)
 Temple: D:4-7

Altars:
Uskayaw

Annotations:
D:4 Dowan, Duvessa

.+......#............#
.#...<..#............#
.#...##'#............#
.######.####'###.....#
.+........#....#.....#
.#........#....#.....#
.#........#....#.....#
.#...†....#....#e....#
##........##+###h....#
..........#....e######
##...##...#.....
##...##...#.....
..........#.....
...<......#.....
##........######
##............
..............


You could see Duvessa and Dowan.


Message History

There is an open door here.
You open the door.
There is an open door here.
Dowan, Brother of Duvessa comes into view.
He is wielding a +1 dagger of electrocution and wearing a +0 robe of willpower.
Dowan shouts!
Duvessa, Sister of Dowan comes into view.
She is wielding a +5 short sword of draining.
You don't know any spells.
Duvessa shouts!
Dowan barely misses you.
Duvessa hits you with a +5 short sword of draining!
You feel drained. Dowan closely misses you.
You hit Duvessa. You freeze Duvessa.
Duvessa is lightly wounded.
Duvessa hits you with a +5 short sword of draining!
You feel drained.
Dowan hits you with a +1 dagger of electrocution.
You are electrocuted!
* * * LOW HITPOINT WARNING * * *
You thump Duvessa! You freeze Duvessa.
Duvessa is moderately wounded.
Duvessa hits you with a +5 short sword of draining!
* * * LOW HITPOINT WARNING * * *
You feel drained.
* * * LOW HITPOINT WARNING * * *
Dowan barely misses you.
Unknown command.
You thump Duvessa! You freeze Duvessa.
Duvessa is severely wounded.
Duvessa hits you with a +5 short sword of draining.
You die...

Skill      XL: |  1  2  3  4  5  6 |
---------------+-------------------+-----
Shapeshifting  | 4 5 |  5.5
Maces & Flails | 1 2 3 |  3.8
Unarmed Combat | 4 |  4.0
Evocations     | 1 2 |  2.5
Fighting       | |  1.1
Dodging        | |  1.7

Action                     |  1- 3 |  4- 6 |  7- 9 || total
---------------------------+-------+-------+-------++-------
  Melee: Unarmed           |   104 |       |       ||   104
         Tailslap          |     4 |     5 |       ||     9
         Mace              |     1 |    80 |     7 ||    88
         Punch             |     1 |     2 |       ||     3
  Evoke: Wand              |       |     4 |       ||     4
    Use: Potion            |       |     1 |       ||     1
   Stab: Sleeping          |       |     1 |       ||     1
 Armour: Skin              |    53 |    88 |     6 ||   147
  Dodge: Dodged            |    49 |    71 |     4 ||   124

Levels and vault maps discovered:
D:1:      giann_bridges, layout_basic
D:2:      layout_loops_ring, basic_altar, serial_bayou_pond_c
D:3:      layout_rooms, ebering_ecumenical_altar_webs,
          gammafunk_ghost_stat_death
D:4:      layout_gridville, minmay_temple_entry_nine_rooms, nrook_mini_vaults,
          uniq_duvessa, uniq_natasha

Notes
Turn   | Place    | Note
-------+----------+-------------------------------------------
     0 | D:1      | Jeffwins the Draconian Shapeshifter began the quest for the
                  | Orb.
     0 | D:1      | Reached XP level 1. HP: 16/16 MP: 1/1
   121 | D:1      | Reached XP level 2. HP: 17/23 MP: 2/2
   414 | D:1      | You fall into a shaft and drop 1 floor!
   653 | D:1      | Reached XP level 3. HP: 28/28 MP: 3/3
   981 | D:2      | Reached skill level 4 in Shapeshifting
  1080 | D:2      | Found a hide-covered altar of Uskayaw.
  1104 | D:2      | Identified the +4 mace of Wounding {freeze, *Noise Will+
                  | Str+5 Dex+3}
  1114 | D:2      | Reached XP level 4. HP: 16/35 MP: 4/4
  1637 | D:3      | Found a transporter.
  1724 | D:3      | Reached skill level 1 in Maces & Flails
  1880 | D:3      | Found a transporter.
  1894 | D:3      | Reached XP level 5. HP: 26/40 MP: 5/5
  1959 | D:3      | Noticed sammy202020's ghost (amateur MiFi)
  1973 | D:3      | Found a faded altar of an unknown god.
  1988 | D:3      | HP: 2/40 [orc priest/divine providence (11)]
  1990 | D:3      | Reached skill level 2 in Maces & Flails
  1990 | D:3      | Reached skill level 4 in Unarmed Combat
  1993 | D:3      | HP: 2/40 [orc/+0 club (1)]
  1996 | D:3      | Reached skill level 1 in Evocations
  2393 | D:3      | Reached XP level 6. HP: 47/47 MP: 6/6
  2396 | D:3      | Reached skill level 5 in Shapeshifting
  2400 | D:3      | Reached skill level 3 in Maces & Flails
  2401 | D:3      | HP: 7/70 [sammy202020's ghost (14)]
  2407 | D:3      | Killed sammy202020's ghost
  2408 | D:3      | Reached skill level 2 in Evocations
  2408 | D:3      | Your scales start taking on a rich purple colour.
  2408 | D:3      | Reached XP level 7. HP: 4/52 MP: 7/7
  2692 | D:4      | Noticed Dowan
  2695 | D:4      | Noticed Duvessa
  2699 | D:4      | HP: 4/49 [Duvessa/+5 short sword of draining (12)]
  2699 | D:4      | HP: 1/47 [Duvessa/+5 short sword of draining (3)]
  2700 | D:4      | Slain by Duvessa

Vanquished Creatures
  The ghost of sammy202020 the Shield-Bearer, an amateur MiFi (D:3)
  3 quasits (D:3)
  2 orc priests (D:3)
  An iguana (D:3)
  An orc wizard (D:3)
  4 adders
  3 worms
  A dart slug (D:1)
  5 orcs (D:3)
  8 bats
  7 endoplasms
  3 giant cockroaches
  2 goblins
  11 hobgoblins
  5 quokkas
  9 ball pythons
  3 frilled lizards
  8 kobolds
  7 rats
84 creatures vanquished.

Table legend: (Time is in decaauts)
 A = Elapsed time spent in this place.
 B = Non-inter-level travel time spent in this place.
 C = Inter-level travel time spent in this place.
 D = Time resting spent in this place.
 E = Time spent auto-exploring this place.
 F = Levels seen in this place.
 G = Mean time per level.
                   A        B        C        D        E       F      G
               +--------+--------+--------+--------+--------+-----+--------+
         Total |   2747 |   2668 |     79 |    138 |   1971 |   4 |  686.8 |
       Dungeon |   2747 |   2668 |     79 |    138 |   1971 |   4 |  686.8 |
               +--------+--------+--------+--------+--------+-----+--------+

Top non-repeatable levels by time:
     D:3: 971 daAuts
     D:1: 883 daAuts
     D:2: 771 daAuts
     D:4: 120 daAuts

Table legend:
 A = Non-vault XP
 B = Vault XP
 C = Vault XP percentage of total XP
 D = Non-vault monster count
 E = Vault monster count
 F = Vault count percentage of total count
                 A         B        C        D         E       F
            +---------+---------+-------+---------+---------+-------
      Total |     348 |     447 |  56.2 |      80 |       4 |   4.8
            +---------+---------+-------+---------+---------+-------
        D:1 |      50 |       0 |   0.0 |      29 |       0 |   0.0
        D:2 |      76 |       0 |   0.0 |      29 |       0 |   0.0
        D:3 |     218 |     447 |  67.2 |      20 |       4 |  16.7
        D:4 |       4 |       0 |   0.0 |       2 |       0 |   0.0
            +---------+---------+-------+---------+---------+-------
